 Dungeon Crawl Stone Soup version 0.29-a0-330-g52719c12eb (webtiles) character file.

Game seed: 12486347923658205964

687 kae the Firebug (level 7, -3/50 HPs)
             Began as a Demigod Fire Elementalist on Apr 29, 2022.
             Slain by a gnoll sergeant
             ... wielding a +0 trident
              (6 damage)
             ... on level 4 of the Dungeon.
             The game lasted 00:03:06 (4549 turns).

kae the Firebug (Demigod Fire Elementalist)         Turns: 4549, Time: 00:03:07

Health: -3/50      AC:  5    Str:  9    XL:     7   Next: 13%
Magic:  6/16       EV: 12    Int: 25    God:
Gold:   154        SH:  0    Dex: 14    Spells: 1/14 levels left

rFire   . . .      SeeInvis .   (no weapon)
rCold   . . .      Faith    .   (no shield)
rNeg    . . .      Spirit   .   e - +1 robe {Archmagi}
rPois   .          Reflect  .   (no helmet)
rElec   .          Harm     .   k - +0 cloak
rCorr   .          Rampage  .   (no gloves)
Will    .....      Archmagi +   c - +0 pair of boots
Stlth   ++........              (no amulet)
HPRegen 0.16/turn               (no ring)
MPRegen 0.15/turn               (no ring)

@: no status effects
A: high MP 1, forlorn, divine attributes
a: no special abilities


You were on level 4 of the Dungeon.
You visited 1 branch of the dungeon, and saw 4 of its levels.

You collected 154 gold pieces.

Inventory:

Hand Weapons
 a - the +5 mace "Eherumm" {antimagic, rElec rN++ Will- SInv}
   (You found it on level 4 of the Dungeon)

   It reduces the magical energy of the wielder, and disrupts the spells and
   magical abilities of those it strikes.
   Natural abilities and divine invocations are not affected.
   rElec:     It insulates you from electricity.
   rN:        It greatly protects you from negative energy.
   SInv:      It lets you see invisible.
   Will:      It decreases your willpower.
Armour
 c - a +0 pair of boots (worn)
 e - a +1 robe of the Archmagi (worn)
 k - a +0 cloak (worn)
Scrolls
 g - 3 scrolls of enchant weapon {unknown}
Potions
 b - a potion of magic
 d - a potion of brilliance {unknown}
 f - a potion of invisibility
 h - a potion of curing
 i - a potion of degeneration
 j - 2 potions of mutation


   Skills:
 - Level 1.7 Dodging
 - Level 1.7 Stealth
 + Level 4.2 Spellcasting
 + Level 4.2 Conjurations
 + Level 5.0 Fire Magic


You had one spell level left.
You knew the following spells:

 Your Spells              Type           Power      Damage    Failure   Level
a - Foxfire               Conj/Fire      100%       2x1d9     1%          1
b - Scorch                Fire           90%        2d9       1%          2
c - Conjure Flame         Conj/Fire      42%        6-21      4%          3
d - Inner Flame           Hex/Fire       26%        N/A       10%         3
e - Flame Wave            Conj/Fire      42%        2d9       13%         4

Your spell library contained the following spells:

 Spells                   Type           Power      Damage    Failure   Level
 Animate Skeleton         Necr           14%        N/A       9%          1
 Apportation              Tloc           14%        N/A       9%          1
 Freeze                   Ice            28%        1d5       9%          1
 Summon Small Mammal      Summ           28%        N/A       9%          1
 Frozen Ramparts          Ice            14%        1d3       26%         3
 Gell's Gravitas          Tloc           7%         N/A       26%         3
 Lesser Beckoning         Tloc           7%         N/A       26%         3
 Teleport Other           Tloc           7%         N/A       26%         3
 Hailstorm                Conj/Ice       23%        3d7       36%         4


Dungeon Overview and Level Annotations

Branches:
Dungeon (4/15)
 Temple: D:4-7


Innate Abilities, Weirdness & Mutations

You have an increased reservoir of magic. (+10% MP)
You shall have no god before yourself.
Your divine heritage dramatically boosts your attributes as you level up.


Message History

The foxfire hits the gnoll sergeant but does no damage.
The gnoll sergeant is moderately wounded.
The gnoll sergeant barely misses you.
A gnoll sergeant is nearby!
Casting: Foxfire (safe; 1% risk of failure)
Confirm with . or Enter, or press ? or * to list all spells.
You feel a surge of power!
You conjure some foxfire!
The gnoll sergeant hits you from afar with a +0 trident!
The foxfire hits the gnoll sergeant.
The gnoll sergeant is heavily wounded.
The gnoll sergeant hits you but does no damage.
A gnoll sergeant is nearby!
Casting: Foxfire (safe; 1% risk of failure)
Confirm with . or Enter, or press ? or * to list all spells.
You feel a surge of power!
You conjure some foxfire!
The gnoll sergeant hits you from afar with a +0 trident!
* * * LOW HITPOINT WARNING * * *
The foxfire hits the gnoll sergeant but does no damage.
The gnoll sergeant is heavily wounded.
The foxfire hits the gnoll sergeant.
The gnoll sergeant is heavily wounded.
The gnoll sergeant misses you.
A gnoll comes into view. It is wielding a +0 spear.
There are monsters nearby!
Casting: Foxfire (safe; 1% risk of failure)
Confirm with . or Enter, or press ? or * to list all spells.
You feel a surge of power!
You conjure some foxfire!
The gnoll sergeant hits you from afar with a +0 trident!
* * * LOW HITPOINT WARNING * * *
The foxfire hits the gnoll sergeant.
The gnoll sergeant is severely wounded.
The foxfire hits the gnoll sergeant but does no damage.
The gnoll sergeant is severely wounded.
The gnoll sergeant barely misses you.
There are monsters nearby!
Casting: Foxfire (safe; 1% risk of failure)
Confirm with . or Enter, or press ? or * to list all spells.
You feel a surge of power!
You conjure some foxfire!
The gnoll sergeant hits you from afar with a +0 trident.
You die...

#...##########....
####...##.......#....
..'..................
#..................
#.................. .
#.................. ...
##...##.......##...
.....##§..##.......##...
....))†@v.#.............
######
....gg#.v.#...........)†
.....# .....
#...#.......).....
.....# .[...
#...#.............
.....##.....
#...##.....####...
.†.........
'...##.....#####'#
.<†).......
#...#.......+.....
..[........
#...'.......#.....
........... ......#.....


You could see a gnoll sergeant (ally target) and a gnoll.

Vanquished Creatures
  A bullfrog (D:4)
  3 howler monkeys (D:4)
  3 hounds (D:4)
  Jessica (D:2)
  An iguana (D:4)
  Natasha (thrice) (D:2 D:1)
  3 orc wizards (D:3)
  6 gnolls
  5 adders
  2 dart slugs
  13 orcs
  10 ball pythons
  6 endoplasms
  5 giant cockroaches
  11 goblins
  11 hobgoblins
  9 jackals
  2 kobolds
  4 quokkas
  8 bats
  2 frilled lizards
  4 rats
113 creatures vanquished.

Vanquished Creatures (others)
  415 foxfires
  4 fungi (D:2)
419 creatures vanquished.

Grand Total: 532 creatures vanquished

Notes
Turn   | Place    | Note
-------+----------+-------------------------------------------
     0 | D:1      | kae the Demigod Fire Elementalist began the quest for the
                  | Orb.
     0 | D:1      | Reached XP level 1. HP: 14/14 MP: 5/5
    14 | D:1      | Reached skill level 1 in Conjurations
   348 | D:1      | Reached XP level 2. HP: 20/20 MP: 4/7
   476 | D:1      | Reached skill level 3 in Fire Magic
  1307 | D:1      | Learned a level 2 spell: Scorch
  1374 | D:2      | Noticed Jessica
  1392 | D:2      | Reached XP level 3. HP: 26/26 MP: 5/9
  1620 | D:2      | Killed Jessica
  1621 | D:2      | Reached XP level 4. HP: 33/33 MP: 7/10
  2398 | D:2      | Noticed Natasha
  2408 | D:2      | Killed Natasha
  2409 | D:2      | Reached XP level 5. HP: 35/38 MP: 7/12
  2417 | D:2      | Noticed Natasha
  2425 | D:2      | Killed Natasha
  2487 | D:2      | Noticed Natasha
  2531 | D:1      | Killed Natasha
  2532 | D:1      | Reached skill level 4 in Fire Magic
  3291 | D:3      | Learned a level 3 spell: Conjure Flame
  3295 | D:3      | Learned a level 3 spell: Inner Flame
  3383 | D:3      | Reached XP level 6. HP: 36/45 MP: 7/14
  4139 | D:4      | Identified the +5 mace "Eherumm" {antimagic, rElec rN++
                  | Will- SInv}
  4166 | D:4      | Identified the +5 longbow of Rotation {vorpal, rPois rCorr
                  | Dex+7 Stlth-}
  4452 | D:4      | Reached XP level 7. HP: 47/50 MP: 12/16
  4500 | D:4      | Learned a level 4 spell: Flame Wave
  4529 | D:4      | Reached skill level 5 in Fire Magic
  4547 | D:4      | HP: 2/50 [gnoll sergeant/+0 trident (9)]
  4549 | D:4      | Slain by a gnoll sergeant

Illustrated notes

Levels and vault maps discovered:
D:1:      scummos_arrival_star, layout_basic
D:2:      kb_forest_paths, layout_rooms, shapermc_ecumenical_altar_rom_forum,
          uniq_jessica, uniq_natasha
D:3:      layout_basic, st_stairs_3
D:4:      lemuel_castle_with_subvaults [lemuel_castle_interior_original],
          layout_gridville, uniq_ijyb

Skill      XL: |  1  2  3  4  5  6  7 |
---------------+----------------------+-----
Conjurations   | 1 2 3 4 |  4.2
Spellcasting   | 2 3 4 |  4.2
Fire Magic     | 3 4 5 |  5.0
Dodging        | |  1.7
Stealth        | |  1.7

Action                   |  1- 3 |  4- 6 |  7- 9 || total
-------------------------+-------+-------+-------++-------
Melee: Unarmed           |       |     4 |       ||     4
 Cast: Foxfire           |    70 |   154 |    16 ||   240
       Scorch            |       |    10 |       ||    10
  Use: Scroll            |       |     9 |       ||     9
       Potion            |       |     1 |       ||     1
Armor: Robe              |     1 |    24 |     2 ||    27
       Skin              |       |     1 |       ||     1
Dodge: Dodged            |     4 |    37 |     9 ||    50

Table legend: (Time is in decaauts)
 A = Elapsed time spent in this place.
 B = Non-inter-level travel time spent in this place.
 C = Inter-level travel time spent in this place.
 D = Time resting spent in this place.
 E = Time spent auto-exploring this place.
 F = Levels seen in this place.
 G = Mean time per level.
                   A        B        C        D        E       F      G
               +--------+--------+--------+--------+--------+-----+--------+
         Total |   4555 |   4370 |    185 |    205 |   3380 |   4 | 1138.8 |
       Dungeon |   4555 |   4370 |    185 |    205 |   3380 |   4 | 1138.8 |
               +--------+--------+--------+--------+--------+-----+--------+

Top non-repeatable levels by time:
     D:1: 1592 daAuts
     D:2: 1239 daAuts
     D:3: 1133 daAuts
     D:4: 590 daAuts
